 Dungeon Crawl Stone Soup version 0.18-a0-455-gc7d4c65 (webtiles) character file.

433 M4edhros the Sneak (level 7, 0/43 HPs)
             Began as an Octopode Artificer on Dec 2, 2015.
             Slain by an orc (5 damage)
             ... on level 3 of the Dungeon.
             The game lasted 00:06:21 (3105 turns).

M4edhros the Sneak (Octopode Artificer)             Turns: 3105, Time: 00:06:22

Health: 0/43       AC:  1    Str: 10      XL:     7   Next: 0%
Magic:  11/11      EV: 12    Int: 15 (16) God:
Gold:   94         SH:  0    Dex: 13      Spells: 0 memorised, 6 levels left

rFire  . . .     SeeInvis +     i - +1 dagger (venom)
rCold  . . .     Clarity  .     (no shield)
rNeg   . . .     SustAt   .     (helmet restricted)
rPois  .         Gourm    .     (no amulet)
rElec  .         Spirit   .     m - ring of see invisible
rCorr  .         Dsmss    .     (no ring)
rMut   .         Stasis   .     (no ring)
MR     .....                    (no ring)
Stlth  +++++.....               (no ring)
                                (no ring)
                                (no ring)
                                (no ring)

@: not resistant to hostile enchantments, quite stealthy
A: almost no armour, amphibious, 8 rings, constrict 8, camouflage 1, gelatinous
body 1
a: no special abilities


You were on level 3 of the Dungeon.
You were not hungry.

You visited 2 branches of the dungeon, and saw 6 of its levels.

You collected 94 gold pieces.

Inventory:

Hand Weapons
 a - a +0 short sword
 i - a +1 dagger of venom (weapon)
 t - a +0 hunting sling
Missiles
 h - 113 stones (quivered)
 n - 20 sling bullets
Jewellery
 m - a ring of see invisible (left tentacle)
Wands
 b - a wand of flame (2)
 c - a wand of enslavement (9)
 d - a wand of random effects (14)
Scrolls
 f - 3 scrolls of remove curse
 k - 2 scrolls of recharging
 p - a scroll of enchant weapon
Potions
 j - a potion of degeneration
 l - 2 potions of mutation {unknown}
Comestibles
 e - 4 bread rations
 g - a meat ration


   Skills:
 - Level 1.0 Fighting
 - Level 1.0 Short Blades
 - Level 2.0 Dodging
 + Level 6.8 Stealth
 + Level 6.5 Evocations


You had 6 spell levels left.
You didn't know any spells.

Dungeon Overview and Level Annotations

Branches:
Dungeon (5/15)             Temple (1/1) D:5

Altars:
Cheibriados
Sif Muna
Trog
Zin
The Shining One
Beogh

Shops:
D:5 [

Annotations:
D:3 Robin
D:5 Dowan, Duvessa


Innate Abilities, Weirdness & Mutations

You cannot wear most types of armour.
You are amphibious.
You can wear up to eight rings at the same time.
You can use your tentacles to constrict eight enemies at once.
Your skin changes colour to match your surroundings (Stealth).
Your rubbery body absorbs attacks (AC +1).


Message History

Your orc priest mumbles some strange prayers to Beogh against something.
You have reached level 7!
You feel your intelligence returning.
You feel a bit more experienced.
There is a stone staircase leading up here.
You climb upwards.
Level annotation: Robin An orc comes into view.
Found an escape hatch in the floor.
There is a stone staircase leading down here.
You are too injured to fight recklessly!
The orc shouts!
You are too injured to fight recklessly!
The orc completely misses you.
You are too injured to fight recklessly!
You closely miss the orc. Your grab misses the orc. The orc hits you.
* * * LOW HITPOINT WARNING * * *
You hit the orc but do no damage.
The orc is poisoned.
Your grab misses the orc. Your squeeze misses the orc. The orc hits you.
You die...

#.# #.#
.. #.# ..
#.# #.
#.# #
..#.#
#.##.#o#
#....#@#
.####...#
........#
######.>#
####


You could see an orc.

Vanquished Creatures
  An ice beast (D:5)
  A centaur (D:5)
  A giant frog (D:4)
  An orc wizard (D:5)
  Natasha (twice) (D:3)
  An orc (D:5)
  A worker ant zombie (D:5)
  A worm (D:2)
  3 giant geckos
  3 bats (D:1)
  2 giant cockroaches (D:1)
  4 hobgoblins
  2 quokkas
  A giant newt (D:1)
  4 goblins
  8 kobolds
  3 rats
39 creatures vanquished.

Vanquished Creatures (collateral kills)
  A phantom (D:4)
  An orc priest (D:5)
  An adder (D:4)
  An ooze (D:4)
  An orc (D:5)
  A kobold (D:1)
6 creatures vanquished.

Vanquished Creatures (others)
  An orc wizard (D:5)
1 creature vanquished.

Grand Total: 46 creatures vanquished

Notes
Turn   | Place    | Note
--------------------------------------------------------------
     0 | D:1      | M4edhros the Octopode Artificer began the quest for the Orb.
     0 | D:1      | Reached XP level 1. HP: 13/13 MP: 3/3
   299 | D:1      | Reached XP level 2. HP: 12/18 MP: 4/4
   684 | D:1      | Reached skill level 4 in Evocations
  1060 | D:1      | Reached XP level 3. HP: 23/23 MP: 6/6
  1187 | D:3      | Noticed Natasha
  1201 | D:3      | Killed Natasha
  1201 | D:3      | Reached XP level 4. HP: 2/28 MP: 7/7
  1427 | D:3      | Noticed Natasha
  1437 | D:3      | Killed Natasha
  1477 | D:3      | Noticed Robin
  1683 | D:5      | Entered Level 5 of the Dungeon
  1689 | D:5      | Noticed an ice beast
  1695 | D:5      | Killed an ice beast
  1695 | D:5      | Reached skill level 5 in Stealth
  1695 | D:5      | Reached skill level 5 in Evocations
  1695 | D:5      | Reached XP level 5. HP: 33/33 MP: 7/9
  1698 | D:5      | Noticed a centaur
  1702 | D:5      | Killed a centaur
  1702 | D:5      | Reached XP level 6. HP: 26/38 MP: 7/10
  2068 | D:4      | Found a roughly hewn altar of Beogh.
  2322 | D:5      | Reached skill level 6 in Stealth
  2721 | D:5      | Found Zuelax's Antique Armour Boutique.
  2770 | D:5      | Noticed Duvessa
  2770 | D:5      | Noticed Dowan
  2851 | D:5      | Found a staircase to the Ecumenical Temple.
  2860 | Temple   | Entered the Ecumenical Temple
  3076 | D:4      | Reached XP level 7. HP: 6/43 MP: 11/11
  3105 | D:3      | Slain by an orc

Vault maps used:
D:1:      erik_arrival_blinker_ship, corner_web_ring, st_stairs_7,
          grunt_decor_one_mirror
D:2:      gammafunk_temple_overflow_wave, ecumenical_altar_2, uniq_terence
D:3:      lemuel_round_altar, vehumet_altar_wand_db, first_bread, uniq_grinder,
          uniq_robin, uniq_natasha
D:4:      minmay_door_path, minivault_23, kennysheep_orc_chapel
D:5:      minmay_temple_entry_nine_rooms, gup_sewer_entry_bubbles, serial_shops,
          shop, lemuel_flamethrower_2, uniq_duvessa
Temple:   nicolae_temple_hex_pool_5

Action                   |  1- 3 |  4- 6 |  7- 9 || total
-------------------------+-------+-------+-------++-------
Melee: Short sword       |    57 |    27 |       ||    84
       Dagger            |       |     1 |     2 ||     3
 Fire: Hunting sling     |       |    13 |       ||    13
Evoke: Wand              |     7 |    13 |       ||    20
  Use: Potion            |     2 |     1 |       ||     3
       Scroll            |       |    10 |       ||    10
 Stab: Sleeping          |     5 |     2 |       ||     7
  Eat: Chunk             |       |     2 |       ||     2
       Meat ration       |       |     1 |       ||     1
